 Dungeon Crawl Stone Soup version 0.29.1-13-g9f3cf754e1 (webtiles) character file.

Game seed: 11145463211793292825

174 croobank the Insei (level 5, 0/35 HPs)
             Began as an Octopode Transmuter on Feb 5, 2023.
             Slain by a gnoll sergeant
             ... wielding a +2 spear of freezing
              (13 damage)
             ... on level 5 of the Dungeon.
             The game lasted 00:07:12 (2678 turns).

croobank the Insei (Octopode Transmuter)            Turns: 2678, Time: 00:07:13

Health: 0/35       AC:  1    Str:  9    XL:     5   Next: 54%
Magic:  8/9        EV: 13    Int: 17    God:
Gold:   90         SH:  0    Dex: 13    Spells: 3/9 levels left

rFire   . . .      SeeInvis .   g - +1 dagger (vamp)
rCold   + . .      Faith    .   (no shield)
rNeg    . . .      Spirit   .   (helmet restricted)
rPois   +          Reflect  .   c - amulet of regeneration
rElec   .          Harm     .   f - ring of protection from cold
rCorr   .          Rampage  .   m - ring of poison resistance
Will    .....                   (no ring)
Stlth   ++........              (no ring)
HPRegen 0.91/turn               (no ring)
MPRegen 0.11/turn               (no ring)
                                (no ring)
                                (no ring)

@: wereblooded (expiring)
A: almost no armour, amphibious, 8 rings, camouflage 1, gelatinous body 1,
(nimble swimmer 1), tentacles
a: no special abilities


You were on level 5 of the Dungeon.
You visited 1 branch of the dungeon, and saw 4 of its levels.

You collected 90 gold pieces.

Inventory:

Hand Weapons
 g - a +1 vampiric dagger (weapon)
 k - a +0 long sword
 n - a +0 hand axe
Missiles
 i - 6 poisoned darts
Jewellery
 b - an amulet of reflection
 c - an amulet of regeneration (around mantle)
 f - a ring of protection from cold (left tentacle)
 m - a ring of poison resistance (right tentacle)
Wands
 o - a wand of flame (20)
Scrolls
 e - a scroll of enchant weapon
 h - a scroll of immolation
 j - a scroll of vulnerability {unknown}
 l - 2 scrolls of fear
Potions
 a - a potion of lignification
 d - a potion of attraction {unknown}


   Skills:
 + Level 2.3 Fighting
 + Level 1.4 Short Blades
 + Level 2.9 Dodging
 - Level 3.2 Unarmed Combat
 + Level 2.7 Spellcasting
 + Level 2.9 Transmutations
 + Level 1.4 Poison Magic


You had 3 spell levels left.
You knew the following spells:

 Your Spells              Type           Power      Damage    Failure   Level
a - Beastly Appendage     Tmut           24%        N/A       5%          1
b - Wereblood             Tmut           12%        N/A       9%          2
c - Spider Form           Tmut/Pois      9%         N/A       22%         3

Your spell library contained the following spells:

 Spells                   Type           Power      Damage    Failure   Level
 Ice Form                 Ice/Tmut       7%         N/A       69%         4


Dungeon Overview and Level Annotations

Branches:
Dungeon (3/15)

Altars:


Innate Abilities, Weirdness & Mutations

You cannot wear most types of armour.
You are amphibious.
You can wear up to eight rings at the same time.
Your skin changes colour to match your surroundings (Stealth+).
Your rubbery body absorbs attacks. (AC +1, EV +1)
((You are camouflaged when in or above water. (Stealth+)))
You have tentacles for arms and can constrict up to eight enemies at once.


Message History

You howl as the wereblood boils in your veins!
You constrict the gnoll sergeant, but do no damage.
The gnoll completely misses you. The gnoll sergeant barely misses you.
You hit the gnoll sergeant but do no damage.
The gnoll sergeant blocks your attack.
The gnoll sergeant is lightly wounded.
You constrict the gnoll sergeant, but do no damage.
The gnoll sergeant escapes!
The gnoll closely misses you.
You hit the gnoll sergeant but do no damage.
Your grab misses the gnoll sergeant.
The gnoll sergeant is lightly wounded.
You hear the slow hiss of a distant avalanche of sand.
The gnoll hits you from afar with a +0 spear!
The gnoll sergeant hits you with a +2 spear of freezing!
You barely miss the gnoll sergeant. You grab the gnoll sergeant.
You squeeze the gnoll sergeant.
The gnoll sergeant is moderately wounded.
You constrict the gnoll sergeant. The gnoll misses you.
The gnoll sergeant closely misses you. The gnoll sergeant blocks your attack.
The gnoll sergeant is moderately wounded.
You constrict the gnoll sergeant. The gnoll sergeant barely misses you.
The gnoll sergeant blocks your attack.
The gnoll sergeant is moderately wounded.
Your primal bloodlust is almost over.
You constrict the gnoll sergeant.
The gnoll sergeant hits you with a +2 spear of freezing!
The gnoll sergeant freezes you. The gnoll sergeant blocks your attack.
You squeeze the gnoll sergeant, but do no damage.
The gnoll sergeant is moderately wounded.
You constrict the gnoll sergeant. The gnoll barely misses you.
The gnoll sergeant closely misses you.
You hit the gnoll sergeant but do no damage.
The gnoll sergeant is heavily wounded.
You constrict the gnoll sergeant, but do no damage.
You release your grip on the gnoll sergeant.
The gnoll sergeant attacks as you move away!
The gnoll sergeant hits you with a +2 spear of freezing!
You die...
P g. ######### P.P

#..)<...#
PP..##.@.....#
....gg.g.....#
...###.......#
# #...#####
##.### ####
#..# ...#
###.## .<.#
#...# ...####
####.###


You could see a gnoll sergeant and 2 gnolls.

Vanquished Creatures
  4 gnolls
  6 adders
  2 worms
  3 dart slugs
  An orc (D:5)
  7 bats
  4 endoplasms
  3 giant cockroaches
  3 goblins (D:2)
  4 hobgoblins
  12 jackals (D:1)
  A quokka (D:3)
  4 ball pythons
  5 frilled lizards
  6 kobolds
  4 rats
69 creatures vanquished.

Vanquished Creatures (others)
  3 plants (D:5)
3 creatures vanquished.

Grand Total: 72 creatures vanquished

Notes
Turn   | Place    | Note
-------+----------+-------------------------------------------
     0 | D:1      | croobank the Octopode Transmuter began the quest for the
                  | Orb.
     0 | D:1      | Reached XP level 1. HP: 13/13 MP: 3/3
    47 | D:1      | Reached XP level 2. HP: 8/18 MP: 1/5
   315 | D:1      | Learned a level 2 spell: Wereblood
   751 | D:1      | Reached XP level 3. HP: 23/23 MP: 3/6
  1446 | D:2      | Reached XP level 4. HP: 17/29 MP: 3/7
  1454 | D:2      | Learned a level 3 spell: Spider Form
  1583 | D:2      | Found a faded altar of an unknown god.
  2346 | D:3      | Reached skill level 1 in Short Blades
  2365 | D:3      | Reached skill level 1 in Poison Magic
  2368 | D:3      | Reached XP level 5. HP: 24/34 MP: 4/8
  2571 | D:3      | You fall into a shaft and drop 2 floors!
  2571 | D:5      | Entered Level 5 of the Dungeon
  2678 | D:5      | Slain by a gnoll sergeant

Illustrated notes

Levels and vault maps discovered:
D:1:      elethiomel_arrival_quiet, layout_loops_ring
D:2:      layout_loops_ring, dreamdust_ecumenical_altar_statues, hex_tiny,
          minmay_misc_feat_tower, minmay_misc_feat_roman, minmay_ruptured
D:3:      layout_rooms
D:5:      layout_rooms, nicolae_ossuary_entry_ruins, nicolae_grassy_gnolls

Skill      XL: |  1  2  3  4 |
---------------+-------------+-----
Fighting       | 2 |  2.3
Short Blades   | 1 |  1.4
Poison Magic   | 1 |  1.4
Dodging        | |  2.9
Unarmed Combat | |  3.2
Spellcasting   | |  2.7
Transmutations | |  2.9

Action                   |  1- 3 |  4- 6 || total
-------------------------+-------+-------++-------
Melee: Unarmed           |    48 |       ||    48
       Kick              |    22 |    19 ||    41
       Constrict         |    21 |    18 ||    39
       Tentacles         |     8 |    19 ||    27
       Punch             |     3 |     1 ||     4
       Dagger            |    35 |    71 ||   106
 Cast: Beastly Appendage |    17 |    19 ||    36
       Wereblood         |    14 |    15 ||    29
  Use: Scroll            |       |     8 ||     8
 Stab: Sleeping          |     1 |     6 ||     7
Armor: Skin              |    12 |     2 ||    14
Dodge: Dodged            |    51 |    66 ||   117
